 Dungeon Crawl Stone Soup version 0.29.0-5-ge4962eb29e (webtiles) character file.

Game seed: 12450583524997079014

977 Renzlar the Shield-Bearer (level 8, -1/67 HPs)
             Began as a Gnoll Fighter on Aug 30, 2022.
             Succumbed to a scorpion's poison
             ... on level 5 of the Dungeon.
             The game lasted 00:14:25 (5025 turns).

Renzlar the Shield-Bearer (Gnoll Fighter)           Turns: 5025, Time: 00:14:26

Health: -1/67      AC: 13    Str: 18    XL:     8   Next: 17%
Magic:  12/12      EV:  8    Int:  7    God:
Gold:   320        SH:  5    Dex: 12    Spells: 13/13 levels left

rFire   . . .      SeeInvis .   a - +0 war axe
rCold   . . .      Faith    .   k - +0 buckler
rNeg    . . .      Spirit   .   m - +0 chain mail
rPois   .          Reflect  .   l - +0 helmet
rElec   .          Harm     .   (no cloak)
rCorr   .          Rampage  .   p - +0 pair of gloves
Will    .....                   (no boots)
Stlth   ..........              (no amulet)
HPRegen 0.21/turn               (no ring)
MPRegen 0.13/turn               (no ring)

@: lethally poisoned (-1 -> -2)
A: fangs 1, strong nose, distributed training
a: no special abilities


You were on level 5 of the Dungeon.
You visited 1 branch of the dungeon, and saw 5 of its levels.

You collected 320 gold pieces.

Inventory:

Hand Weapons
 a - a +0 war axe (weapon)
 c - a +0 sling
 d - a +0 hand axe of flaming
 j - a +0 spear of venom
 o - a +4 short sword of flaming
Missiles
 i - 3 curare-tipped darts (quivered)
Armour
 b - a +0 scale mail
 k - a +0 buckler (worn)
 l - a +0 helmet (worn)
 m - a +0 chain mail (worn)
 p - a +0 pair of gloves (worn)
Jewellery
 f - a ring of protection from cold
 g - a ring of fire
Wands
 q - a wand of polymorph (4)
Potions
 e - a potion of resistance {unknown}
 h - 2 potions of flight
 n - 3 potions of curing


   Skills:
 + Level 7.3 Fighting
 + Level 3.1 Short Blades
 + Level 3.1 Long Blades
 + Level 5.6 Axes
 + Level 3.1 Maces & Flails
 + Level 3.1 Polearms
 + Level 3.1 Staves
 + Level 3.1 Ranged Weapons
 + Level 3.1 Throwing
 + Level 7.3 Armour
 + Level 3.1 Dodging
 + Level 3.1 Stealth
 + Level 7.3 Shields
 + Level 3.1 Unarmed Combat
 + Level 3.1 Spellcasting
 + Level 2.5 Conjurations
 + Level 2.5 Hexes
 + Level 2.5 Summonings
 + Level 2.5 Necromancy
 + Level 2.5 Translocations
 + Level 2.5 Transmutations
 + Level 2.5 Fire Magic
 + Level 2.5 Ice Magic
 + Level 2.5 Air Magic
 + Level 2.5 Earth Magic
 + Level 2.5 Poison Magic
 + Level 3.4 Invocations
 + Level 3.1 Evocations


You had 13 spell levels left.
You didn't know any spells.
Your spell library contained the following spells:

 Spells                   Type           Power      Damage    Failure   Level
 Beastly Appendage        Tmut           8%         N/A       83%         1
 Wereblood                Tmut           4%         N/A       93%         2
 Spider Form              Tmut/Pois      4%         N/A       99%         3
 Borgnjor's Revivificati  Necr           2%         N/A       100%        8
 Necromutation            Tmut/Necr      2%         N/A       100%        8
 Death's Door             Necr           2%         N/A       100%        9


Dungeon Overview and Level Annotations

Branches:
Dungeon (5/15)
 Temple: D:4-7

Altars:

Shops:
D:5 [


Innate Abilities, Weirdness & Mutations

You have very sharp teeth.
Your uncanny sense of smell can sniff out nearby items.
Your experience applies equally to all skills.


Message History

The shadow imp laughs crazily.
The orc hits you but does no damage. The jackal closely misses you.
You block the jackal's attack. The scorpion barely misses you.
You hit the scorpion.
The scorpion is moderately wounded.
You slash the jackal!
You kill the jackal!
You slash the jackal!
You kill the jackal!
You slash the orc!
You kill the orc!
You feel sick.
The scorpion stings you but does no damage.
You block the adder's attack. The scorpion stings you.
* * * LOW HITPOINT WARNING * * *
The ice beast barely misses you.
You hit the scorpion.
The scorpion is moderately wounded.
You hit the scorpion. You hit the ice beast but do no damage.
You closely miss the adder.
* * * LOW HITPOINT WARNING * * *
You feel sick. The adder bites you but does no damage.
The scorpion stings you but does no damage. x2
The ice beast hits you but does no damage.
You block the scorpion's attack. The adder bites you but does no damage.
Unknown command.
You slash the scorpion!
You kill the scorpion!
You hit the scorpion. You slash the ice beast! You barely miss the adder.
* * * LOW HITPOINT WARNING * * *
You feel sick. The scorpion completely misses you.
The adder bites you but does no damage.
The ice beast hits you but does no damage.
The scorpion stings you but does no damage.
A water moccasin comes into view.
The water moccasin hisses angrily.
You slash the scorpion!
The scorpion is almost dead.
You hit the ice beast. You slash the adder!
You die...

... ... ########## .
##.. ###..S.....# .. ...
#......#...# ...##..
##.....##...#
.......###......##...+
#...#†S5...####...# ∆
#..ws@####### #...#
#...Y####[.?###...#
#...h###[....##...# #
.......##......)#...####
#....#.##......)'...##..
#...##.##......)#...##..
....#
#.###.....##...#... #...
#.. ##...###.......
##### ########


You could see a water moccasin, an ice beast, a scorpion, a hound, an adder, a
shadow imp and a dart slug.

Vanquished Creatures
  Grinder (D:3)
  Duvessa (D:4)
  An ice beast (D:5)
  A necrophage (D:5)
  2 scorpions (D:5)
  Dowan (D:4)
  A howler monkey (D:5)
  A jelly (D:3)
  A hound (D:5)
  2 orc wizards (D:5)
  Robin (D:4)
  8 adders
  4 gnolls (D:4)
  A white imp (D:5)
  An ufetubus (D:5)
  3 worms
  2 dart slugs
  4 orcs (D:5)
  5 endoplasms
  A giant cockroach (D:3)
  14 goblins
  10 hobgoblins
  2 jackals (D:5)
  8 kobolds
  3 quokkas
  5 ball pythons
  3 bats
  2 frilled lizards
  5 rats
94 creatures vanquished.

Vanquished Creatures (collateral kills)
  A rat (D:3)
1 creature vanquished.

Grand Total: 95 creatures vanquished

Notes
Turn   | Place    | Note
-------+----------+-------------------------------------------
     0 | D:1      | Renzlar the Gnoll Fighter began the quest for the Orb.
     0 | D:1      | Reached XP level 1. HP: 23/23 MP: 1/1
   195 | D:1      | Reached XP level 2. HP: 10/29 MP: 2/2
   740 | D:1      | Found a faded altar of an unknown god.
   998 | D:2      | Reached XP level 3. HP: 22/35 MP: 3/3
  1390 | D:2      | Reached skill level 1 in Invocations
  1596 | D:2      | Reached skill level 1 in Short Blades
  1596 | D:2      | Reached skill level 1 in Long Blades
  1596 | D:2      | Reached skill level 1 in Maces & Flails
  1596 | D:2      | Reached skill level 1 in Polearms
  1596 | D:2      | Reached skill level 1 in Staves
  1596 | D:2      | Reached skill level 1 in Ranged Weapons
  1596 | D:2      | Reached skill level 1 in Throwing
  1596 | D:2      | Reached skill level 1 in Dodging
  1596 | D:2      | Reached skill level 1 in Stealth
  1596 | D:2      | Reached skill level 1 in Unarmed Combat
  1596 | D:2      | Reached skill level 1 in Spellcasting
  1596 | D:2      | Reached skill level 1 in Evocations
  1742 | D:2      | Reached XP level 4. HP: 34/41 MP: 5/5
  2649 | D:3      | Reached skill level 1 in Conjurations
  2649 | D:3      | Reached skill level 1 in Hexes
  2649 | D:3      | Reached skill level 1 in Summonings
  2649 | D:3      | Reached skill level 1 in Necromancy
  2649 | D:3      | Reached skill level 1 in Translocations
  2649 | D:3      | Reached skill level 1 in Transmutations
  2649 | D:3      | Reached skill level 1 in Fire Magic
  2649 | D:3      | Reached skill level 1 in Ice Magic
  2649 | D:3      | Reached skill level 1 in Air Magic
  2649 | D:3      | Reached skill level 1 in Earth Magic
  2649 | D:3      | Reached skill level 1 in Poison Magic
  2832 | D:3      | Reached XP level 5. HP: 47/47 MP: 7/7
  3268 | D:3      | Noticed Grinder
  3271 | D:3      | Paralysed by Grinder for 3 turns
  3282 | D:3      | Killed Grinder
  3283 | D:3      | Reached skill level 5 in Axes
  3283 | D:3      | Reached XP level 6. HP: 46/53 MP: 7/9
  3503 | D:4      | Noticed Robin
  3680 | D:4      | Killed Robin
  4174 | D:4      | Noticed Duvessa
  4174 | D:4      | Noticed Dowan
  4189 | D:4      | Killed Duvessa
  4190 | D:4      | Reached XP level 7. HP: 23/60 MP: 10/10
  4204 | D:4      | Killed Dowan
  4733 | D:5      | Entered Level 5 of the Dungeon
  4773 | D:5      | Found Cutoc's Armour Emporium.
  5005 | D:5      | Reached XP level 8. HP: 33/67 MP: 12/12
  5022 | D:5      | HP: 3/67 [scorpion (4)]
  5024 | D:5      | HP: 1/67 [poisoned by a scorpion]
  5025 | D:5      | Succumbed to a scorpion's poison

Illustrated notes

Levels and vault maps discovered:
D:1:      eino_arrival_cavern_e, layout_basic, basic_ecumenical_altar
D:2:      layout_basic, serial_co_window_serial, co_window_paths_a,
          co_window_paths_b, co_window_corner_a, co_window_paths_a,
          co_window_corner_a, co_window_corner_a, co_window_corner_a,
          co_window_of_opportunity_a, co_window_cross_1, co_window_broadway_c,
          co_window_2corner, co_window_paths_c, co_window_corner_ca,
          co_window_of_opportunity_b, co_window_corner_b, grunt_ministairs_14
D:3:      layout_basic, uniq_grinder
D:4:      layout_cave_pools, nicolae_overflow_hidden_temple, uniq_duvessa,
          uniq_robin
D:5:      minmay_opposing_rooms, layout_rooms,
          nicolae_overflow_hallway_of_the_gods, serial_shops, shop

Skill      XL: |  1  2  3  4  5  6  7 |
---------------+----------------------+-----
Invocations    | 1 2 3 |  3.4
Short Blades   | 1 2 3 |  3.1
Long Blades    | 1 2 3 |  3.1
Maces & Flails | 1 2 3 |  3.1
Polearms       | 1 2 3 |  3.1
Staves         | 1 2 3 |  3.1
Ranged Weapons | 1 2 3 |  3.1
Throwing       | 1 2 3 |  3.1
Dodging        | 1 2 3 |  3.1
Stealth        | 1 2 3 |  3.1
Unarmed Combat | 1 2 3 |  3.1
Spellcasting   | 1 2 3 |  3.1
Evocations     | 1 2 3 |  3.1
Conjurations   | 1 2 |  2.5
Hexes          | 1 2 |  2.5
Summonings     | 1 2 |  2.5
Necromancy     | 1 2 |  2.5
Translocations | 1 2 |  2.5
Transmutations | 1 2 |  2.5
Fire Magic     | 1 2 |  2.5
Ice Magic      | 1 2 |  2.5
Air Magic      | 1 2 |  2.5
Earth Magic    | 1 2 |  2.5
Poison Magic   | 1 2 |  2.5
Axes           | 5 |  5.6
Fighting       | 7 |  7.3
Armour         | 7 |  7.3
Shields        | 7 |  7.3

Action                   |  1- 3 |  4- 6 |  7- 9 || total
-------------------------+-------+-------+-------++-------
Melee: War axe           |   103 |    96 |    91 ||   290
       Bite              |     6 |     8 |    11 ||    25
       Short sword       |       |       |     4 ||     4
 Fire: Sling             |       |    46 |    18 ||    64
  Use: Scroll            |     6 |     5 |     2 ||    13
       Potion            |       |     2 |     2 ||     4
Armor: Scale mail        |    41 |    45 |       ||    86
       Chain mail        |       |    10 |    96 ||   106
Dodge: Dodged            |    40 |    57 |    66 ||   163
Block: Buckler           |    25 |    33 |    53 ||   111
